 Dungeon Crawl Stone Soup version 0.31.0-11-ge490571c62 (webtiles) character file.

Game seed: 5594755111445959695

286172 thirtiethelement the Peltast (level 19, -30/156 (159) HPs)
             Began as a Demonspawn Monk on Jan 29, 2024.
             Was the Champion of Trog.
             Killed from afar by a deep elf annihilator (52 damage)
             ... with a crystal spear
             ... on level 3 of the Elven Halls.
             The game lasted 01:45:38 (39923 turns).

thirtiethelement the Peltast (Demonspawn Monk)     Turns: 39923, Time: 01:45:39

HP:   -30/156 (159) AC: 40    Str: 17    XL:     19   Next: 83%
MP:   0/19          EV:  5    Int: 14    God:    Trog [******]
Gold: 2798          SH: 22    Dex: 19    Spells: 18/18 levels left

rFire   + . .        S - +9 double sword (flame)
rCold   . . .        Y - +0 tower shield
rNeg    . . .        j - +0 crystal plate armour {rC+}
rPois   +            m - +3 crown of Dyrovepreva {rElec Int+2 SInv}
rElec   +            (cloak unavailable)
rCorr   .            a - +2 pair of gloves
SInv    +            d - +0 pair of boots
Will    +....        s - amulet "Jausmikh" {Spirit rPois rF+ Str+4} Stlth
                     l - +4 ring of slaying
HPRegen 0.46/turn    L - ring of flight
MPRegen 0.16/turn

%: guardian spirit
@: about to teleport, sanguine armoured, flying, studying Dodging, lightly
drained
A: demonic guardian 2, powered by death 3, sanguine armour 2, weakness stinger
3, talons 1, clumsy 1, cold vulnerability 1, inability to drink after injury 1,
MP-powered wands
}: 2/15 runes: decaying, gossamer
a: Renounce Religion, Berserk, Trog's Hand, Brothers in Arms


You were on level 3 of the Elven Halls.
You worshipped Trog.
Trog was exalted by your worship.
You visited 7 branches of the dungeon, and saw 34 of its levels.
You visited the Abyss 1 time.
You also visited: Ossuary and Ice Cave.

You collected 3695 gold pieces.
You spent 897 gold pieces at shops.

Inventory:

Hand Weapons
 S - a +9 double sword of flaming (weapon)
Missiles
 w - 5 boomerangs (quivered)
Armour
 a - a +2 pair of gloves (worn)
 d - a +0 pair of boots (worn)
 i - the +6 ice dragon scales of the Lizard {rF- rC++ rN+ Dex-5 SInv}
   (You acquired it in an ossuary)

   Dex-5:     It affects your dexterity (-5).
   rF-:       It makes you vulnerable to fire.
   rC++:      It greatly protects you from cold.
   rN+:       It protects you from negative energy.
   SInv:      It lets you see invisible.
 j - a +0 crystal plate armour of cold resistance (worn)
 m - the +3 crown of Dyrovepreva (worn) {rElec Int+2 SInv}
   (You found it in an ice cave)

   Int+2:     It affects your intelligence (+2).
   rElec:     It insulates you from electricity.
   SInv:      It lets you see invisible.
 Y - a +0 tower shield (worn)
Jewellery
 l - a +4 ring of slaying (left hand)
 s - the amulet "Jausmikh" (around neck) {Spirit rPois rF+ Str+4}
   (You bought it in a shop on level 2 of the Orcish Mines)

   [amulet of guardian spirit]

   Spirit:    It causes incoming damage to be divided between your reserves of
   health and magic.
   Str+4:     It affects your strength (+4).
   rF+:       It protects you from fire.
   rPois:     It protects you from poison
 D - an amulet of reflection
 G - the ring "Rosuh" {rElec Int+6 Dex+2}
   (You found it on level 1 of the Orcish Mines)

   [ring of intelligence]

   Int+6:     It affects your intelligence (+6).
   Dex+2:     It affects your dexterity (+2).
   rElec:     It insulates you from electricity.
 I - a ring of poison resistance
 K - the ring of Impatience {*Slow Will++ MP+9}
   (You found it on level 10 of the Dungeon)

   [ring of magical power]

   Will++:    It greatly increases your willpower.
   MP+9:      It affects your magic capacity (+9).
   *Slow:     It may slow you when you take damage.
 L - a ring of flight (right hand)
 P - the ring "Feluys" {*Slow rN+ Dex+6 Stlth+}
   (You found it on level 12 of the Dungeon)

   [ring of dexterity]

   Dex+6:     It affects your dexterity (+6).
   rN+:       It protects you from negative energy.
   *Slow:     It may slow you when you take damage.
   Stlth+:    It makes you more stealthy.
 X - a ring of protection from cold
Wands
 n - a wand of charming (31)
 y - a wand of polymorph (35)
 F - a wand of roots (38)
 U - a wand of digging (9)
 V - a wand of light (19)
Scrolls
 b - 12 scrolls of teleportation
 f - 2 scrolls of enchant weapon
 h - 6 scrolls of vulnerability
 o - 17 scrolls of identify
 t - 2 scrolls of silence
 u - a scroll of revelation
 v - 2 scrolls of blinking
 z - 3 scrolls of fog
 B - 5 scrolls of poison
 C - 3 scrolls of enchant armour
 H - 2 scrolls of brand weapon
 R - 6 scrolls of fear
 T - 2 scrolls of torment
Potions
 c - 6 potions of ambrosia
 e - 2 potions of haste
 g - 11 potions of curing
 k - 6 potions of might
 q - 2 potions of berserk rage
 r - 4 potions of invisibility
 x - 8 potions of enlightenment
 A - 2 potions of cancellation
 E - 2 potions of resistance
 J - 10 potions of heal wounds
 M - a potion of magic
Miscellaneous
 N - a lightning rod (4/4)
 O - a phial of floods
 Q - a tin of tremorstones (2/2)
 W - a box of beasts


   Skills:
 + Level 16.7 Fighting
 + Level 18.2 Long Blades
 + Level 2.0 Throwing
 + Level 14.7 Armour
 + Level 9.2 Dodging
 + Level 3.1 Stealth
 + Level 18.3 Shields
 + Level 1.4 Evocations


You had 18 spell levels left.
You didn't know any spells.
Your spell library contained the following spells:

 Spells                   Type           Power      Damage    Failure   Level
 Freeze                   Ice            0%         1d3       100%        1
 Magic Dart               Conj           0%         1d3       100%        1
 Slow                     Hex            0%         N/A       100%        1
 Sting                    Conj/Alch      0%         1d3       100%        1
 Mercury Vapours          Alch/Air       0%         N/A       100%        2
 Scorch                   Fire           0%         2d5       100%        2
 Searing Ray              Conj           0%         2d4       100%        2
 Confusing Touch          Hex            0%         N/A       100%        3
 Frozen Ramparts          Ice            0%         1d1       100%        3
 Hailstorm                Conj/Ice       0%         3d5       100%        3
 Sigil of Binding         Hex            0%         N/A       100%        3
 Summon Ice Beast         Ice/Summ       0%         N/A       100%        3
 Tukima's Dance           Hex            0%         N/A       100%        3
 Vampiric Draining        Necr           0%         2d6       100%        3
 Animate Armour           Summ/Erth      0%         N/A       100%        4
 Animate Dead             Necr           0%         N/A       100%        4
 Dimensional Bullseye     Hex/Tloc       0%         N/A       100%        4
 Flame Wave               Conj/Fire      0%         2d4       100%        4
 Fulminant Prism          Conj/Alch      0%         3d5       100%        4
 Iskenderun's Mystic Bla  Conj/Tloc      0%         2d3       100%        4
 Olgreb's Toxic Radiance  Alch           0%         N/A       100%        4
 Summon Lightning Spire   Summ/Air       0%         N/A       100%        4
 Borgnjor's Vile Clutch   Necr/Erth      0%         N/A       100%        5
 Lee's Rapid Deconstruct  Erth           0%         3d4*      100%        5
 Summon Mana Viper        Hex/Summ       0%         N/A       100%        5
 Conjure Ball Lightning   Conj/Air       0%         3x3d6     100%        6
 Death Channel            Necr           0%         N/A       100%        6
 Summon Cactus Giant      Summ           0%         N/A       100%        6
 Monstrous Menagerie      Summ           0%         N/A       100%        7
 Discord                  Hex            0%         N/A       100%        8
 Disjunction              Tloc           0%         N/A       100%        8


Dungeon Overview and Level Annotations

Branches:
Dungeon (15/15)            Temple (1/1) D:4            Lair (5/5) D:9
  Swamp (4/4) Lair:2       Spider (4/4) Lair:2        Slime (0/5) Lair:5
    Orc (2/2) D:11            Elf (3/3) Orc:2        Vaults (0/5) D:13
 Depths (0/4) D:15        Ossuary (visited)           IceCv (visited)

Altars:
Ashenzari
Cheibriados
Dithmenos
Fedhas
Gozag
Hepliaklqana
Kikubaaqudgha
Makhleb
Nemelex Xobeh
Okawaru
Qazlal
Ru
Sif Muna
Trog
Uskayaw
Vehumet
Wu Jian
Xom
Yredelemnul
Jiyva

Shops:
Orc:2 =(?=   Elf:2 :

Annotations:
Temple 2 transporters


Innate Abilities, Weirdness & Mutations

A demonic guardian rushes to your aid.
You regenerate a lot of health from kills.
When seriously injured, your blood forms thick armour. (AC +9)
You have a sharp stinger which inflicts weakening toxins.
You have sharp toenails.
You are clumsy. (Dex -2)
You are vulnerable to cold. (rC-)
You occasionally lose the ability to drink potions when taking damage.
You expend magic power (3 MP) to strengthen your wands.


Message History

The thrashing horror tramples your soul eater but does no damage. x2
Your soul eater hits the small abomination.
The laughing skull headbutts you but does no damage.
You block the laughing skull's attack.
The unseen horror attacks as it pursues you!
The unseen horror hits you but does no damage.
The laughing skull headbutts you but does no damage.
You block the unseen horror's attack.
The tentacled starspawn bites your soul eater!!
The tentacled starspawn tentacle-slaps your soul eater!
Your soul eater dies!
Your soul eater disappears in a puff of smoke!
A starcursed mass splits.
The laughing skull headbutts you but does no damage.
The laughing skull completely misses you.
The neqoxec hits you but does no damage.
The unseen horror attacks as it pursues you!
You block the unseen horror's attack.
The unseen horror hits you but does no damage.
The laughing skull headbutts you but does no damage.
You block the laughing skull's attack.
The laughing skull gibbers with scorn.
The bolt of negative energy hits you.
You feel drained.
The laughing skull gibbers with scorn.
The bolt of negative energy hits you but does no damage.
You block the neqoxec's attack.
There is a gateway leading out of the Abyss here.
The unseen horror hits you but does no damage.
You block the laughing skull's attack. x2
A tentacle flies out from the starspawn's body!
A chorus of shrieks assaults your mind.
* * * LOW HITPOINT WARNING * * *
You block the laughing skull's attack. You block the neqoxec's attack.
Your memory of the abyssal rune fades away.
You pass through the gate.
Welcome back to the Elven Halls!
The deep elf sorcerer shouts!
You hear a shout! x2
The deep elf annihilator points at you and mumbles some strange words.
The crystal spear hits you!!!
You die...

#......)....#
#.).........#
#.......[...#
#...........#
#...........#
#...........#
###.......###
##.zz..##
###@###
.e.:..z3......e
......Ee..e....
............e..
#.............#
#e..........###
####....e..##
###...###


You could see a deep elf annihilator (empowered), 2 deep elf sorcerers, a deep
elf demonologist (empowered), 2 deep elf high priests, a water elemental, a deep
elf zephyrmancer (empowered), a neqoxec and 3 laughing skulls.

Vanquished Creatures
  A shard shrike (IceCv)
  Bai Suzhen (Swamp:4)
  2 bone dragons (Abyss:3)
  A profane servitor (Abyss:3)
  Arachne (Spider:3)
  Jorgrun (Swamp:1)
  A thorn hunter (Swamp:4)
  The ghost of Iffuusoj the Severer, an adept MiBe of Trog (Swamp:3)
  Roxanne (Swamp:4)
  A fenstrider witch (Swamp:3)
  5 emperor scorpions
  A deep elf sorcerer (Elf:3)
  Louise (D:15)
  4 ghost moths (Spider:4)
  A reaper (Abyss:3)
  A ghoul (Swamp:3)
  An orc warlord (Orc:1)
  The ghost of Nischam the Covert, a journeyman KoRe of Lugonu (Orc:1)
  4 broodmothers
  11 eleionomae
  2 dire elephants (Spider:1)
  A white draconian (IceCv)
  4 bunyips
  A lorocyproca (Abyss:3)
  2 deep elf death magi
  Azrael (Spider:1)
  3 spark wasps
  Snorg (Lair:4)
  A fire dragon (D:14)
  2 shambling mangroves
  An entropy weaver (shapeshifter) (D:13)
  A merfolk impaler (Abyss:3)
  An entropy weaver (Spider:3)
  19 hydras
  Erolcha (D:9)
  3 jorogumos (Spider:3)
  2 catoblepae
  Erica (D:8)
  The ghost of KKCryptic the Carver, a journeyman MfHu of Nemelex Xobeh (D:11)
  2 ice dragons
  2 ogre magi (Orc:2)
  4 alligators
  6 ghost crabs
  2 ironbound frosthearts (IceCv)
  3 radroaches
  A rakshasa (D:15)
  22 dancing weapons
  4 boulder beetles
  12 centaur warriors
  7 two-headed ogres
  3 tengu warriors
  6 demonic crawlers
  3 hell hogs (Abyss:3)
  An occultist (Abyss:3)
  5 death yaks (Lair:4)
  2 orc high priests
  18 deep elf knights
  A hell knight (Abyss:3)
  Nergalle (Orc:2)
  5 pharaoh ants
  A sixfirhy (Abyss:3)
  Amaemon (Lair:1)
  3 skysharks (Lair:5)
  A flayed ghost (D:13)
  5 goliath frogs
  10 orb spiders
  A spriggan druid (Swamp:4)
  9 deep elf archers
  An orange crystal statue (IceCv)
  A sun moth (Spider:4)
  13 bog bodies
  A necromancer (D:15)
  10 swamp dragons
  An orc knight (D:11)
  7 steelbarb worms
  A wolf spider zombie (D:15)
  24 deep elf pyromancers
  12 deep elf zephyrmancers
  4 large abominations (Abyss:3)
  11 orc sorcerers
  6 manticores
  22 wolf spiders
  A will-o-the-wisp (Swamp:1)
  Maurice (Orc:1)
  11 ugly things (IceCv)
  A meliai (shapeshifter) (Elf:1)
  2 moths of wrath
  4 cyclopes
  9 meliai
  A kobold blastminer (Orc:2)
  20 elephants
  7 black mambas
  A rust devil (Abyss:3)
  Joseph (D:7)
  An orange demon (Lair:1)
  24 cane toads
  A centaur skeleton (D:15)
  A smoke demon (Abyss:3)
  3 gargoyles
  An efreet (D:14)
  A torpor snail (Spider:4)
  An unseen horror (D:10)
  An unseen horror (shapeshifter) (Abyss:3)
  20 rime drakes
  9 komodo dragons
  5 tengu conjurers
  2 freezing wraiths
  A spectral death drake (Swamp:3)
  2 ancient zymes (Abyss:3)
  8 trolls
  A bloated husk (Swamp:2)
  17 hornets
  8 tyrant leeches
  22 tarantellas
  20 polar bears
  2 raiju
  32 blink frogs
  Prince Ribbit (D:8)
  A centaur simulacrum (D:15)
  2 air elementals (Elf:2)
  22 culicivoras
  10 spriggans
  Sigmund (D:7)
  A shadow (D:12)
  7 slime creatures
  16 jumping spiders
  2 wyverns
  A ynoxinul (Abyss:3)
  A water elemental (Elf:2)
  A vampire (Abyss:3)
  48 yaks
  2 wraiths
  8 basilisks
  5 wargs
  38 vampire mosquitoes
  5 fire elementals
  53 redbacks
  A chaos spawn (Abyss:3)
  4 neqoxecs (Orc:1)
  2 steam dragons
  Edmund (D:7)
  8 swamp worms
  20 water moccasins
  29 orc warriors
  4 hell hounds
  11 swamp drakes
  6 sky beasts
  A sky beast (shapeshifter) (D:15)
  2 black bears (D:6)
  4 laughing skulls
  9 centaurs
  7 ogres
  6 wolves
  A phantom (D:5)
  A weeping skull (D:9)
  2 gnoll sergeants
  A brain worm (Abyss:3)
  4 elf zombies (Ossuary)
  5 kobold brigands
  18 bullfrogs
  3 scorpions
  3 earth elementals
  4 necrophages (Swamp:3)
  A small abomination (Abyss:3)
  12 wights
  A hornet simulacrum (D:15)
  11 killer bees
  7 howler monkeys
  An electric eel (Lair:2)
  2 centaur zombies (Ossuary)
  3 human zombies (Ossuary)
  3 quasits (Orc:1)
  3 hounds
  3 jellies
  Crazy Yiuf (D:6)
  A gnoll bouda (D:7)
  21 orc priests
  Jessica (D:3)
  2 sleepcaps
  Terence (D:2)
  34 orc wizards
  5 iguanas
  6 hell rats (Lair:4)
  A killer bee zombie (Ossuary)
  2 mummies (Ossuary)
  Robin (D:2)
  8 adders
  17 gnolls
  2 shadow imps
  A white imp (D:6)
  3 dart slugs
  83 orcs
  5 bats
  5 endoplasms
  3 giant cockroaches
  5 hobgoblins
  5 jackals
  24 kobolds
  7 quokkas
  8 ball pythons
  4 frilled lizards
  24 goblins
  6 rats
  A spectral orc (D:9)
1302 creatures vanquished.

Vanquished Creatures (collateral kills)
  2 emperor scorpions (Spider:4)
  A ghost moth (Spider:4)
  A broodmother (Spider:4)
  A shambling mangrove (Swamp:2)
  A rakshasa (D:15)
  2 hydras (Swamp:4)
  A spriggan druid (Swamp:4)
  A sun moth (Spider:3)
  2 orb spiders
  3 deep elf archers
  2 steelbarb worms
  2 orc sorcerers (Orc:2)
  2 wolf spiders
  A smoke demon (Abyss:3)
  A harpy skeleton (D:15)
  3 tarantellas
  A blink frog (Lair:5)
  3 jumping spiders
  2 culicivoras (Spider:3)
  A yak (Lair:2)
  A warg (Orc:1)
  A redback (Spider:1)
  2 orc warriors (Orc:1)
  An ogre (Orc:1)
  A phantom (D:5)
  A wight (D:6)
  A centaur zombie (Ossuary)
  An orc priest (D:6)
  An orc wizard (Orc:2)
  A mummy (Ossuary)
  13 orcs
57 creatures vanquished.

Vanquished Creatures (others)
  An alligator (Swamp:4)
  A deep elf knight (Elf:3)
  A deep elf pyromancer (Elf:2)
  A bunyip simulacrum (Swamp:3)
  A tyrant leech (Swamp:3)
  A bloated husk (Swamp:3)
  2 tarantellas
  3 vampire mosquitoes
  An orc wizard (Orc:2)
  An orc (Orc:2)
  4 foxfires (Swamp:1)
  A lurking horror (Abyss:3)
  5 starspawn tentacles (Abyss:3)
23 creatures vanquished.

Grand Total: 1382 creatures vanquished

Notes
Turn   | Place    | Note
-------+----------+-------------------------------------------
     0 | D:1      | thirtiethelement the Demonspawn Monk began the quest for
                  | the Orb.
     0 | D:1      | Reached XP level 1. HP: 18/18 MP: 1/1
   226 | D:1      | Gained mutation: You have a small tail. [demonic ancestry]
   226 | D:1      | Reached XP level 2. HP: 24/24 MP: 2/2
   543 | D:1      | Reached XP level 3. HP: 28/29 MP: 3/3
   787 | D:2      | Noticed Terence
   795 | D:2      | Killed Terence
   909 | D:2      | Noticed Robin
   923 | D:2      | Reached skill level 1 in Armour
   926 | D:2      | Killed Robin
   927 | D:2      | Gained mutation: You regenerate a little health from kills.
                  | [demonic ancestry]
   927 | D:2      | Reached XP level 4. HP: 22/35 MP: 4/4
  1765 | D:3      | Noticed Jessica
  1773 | D:3      | Killed Jessica
  1774 | D:3      | Reached XP level 5. HP: 33/40 MP: 5/5
  2624 | D:4      | Found Leakk's Jewellery Boutique.
  2646 | D:4      | Found an iron altar of Okawaru.
  2677 | D:4      | Found a sand-covered staircase.
  2696 | Ossuary  | Entered an ossuary
  2723 | Ossuary  | Gained mutation: A weak demonic guardian rushes to your
                  | aid. [demonic ancestry]
  2723 | Ossuary  | Reached XP level 6. HP: 41/48 MP: 6/6
  2740 | Ossuary  | Reached skill level 5 in Long Blades
  2834 | Ossuary  | Gained mutation: When seriously injured, your blood forms
                  | armour. (AC +9) [demonic ancestry]
  2834 | Ossuary  | Reached XP level 7. HP: 32/54 MP: 7/7
  3104 | Ossuary  | Identified a scroll of acquirement
  3104 | Ossuary  | Acquired the +6 ice dragon scales of the Lizard {rF- rC++
                  | rN+ Dex-5 SInv}
  3395 | D:4      | Found a staircase to the Ecumenical Temple.
  3396 | D:4      | Gained mutation: You are agile. (Dex +4, Str/Int -1)
                  | [potion of mutation]
  3402 | Temple   | Found a transporter.
  3402 | Temple   | Found a transporter.
  3402 | Temple   | Found a transporter.
  3402 | Temple   | Found a transporter.
  3402 | Temple   | Entered the Ecumenical Temple
  3418 | Temple   | Became a worshipper of Trog the Wrathful
  3418 | Temple   | Reached * piety under Trog
  3418 | Temple   | Reached ** piety under Trog
  3621 | D:5      | Entered Level 5 of the Dungeon
  4295 | D:5      | Reached XP level 8. HP: 61/61 MP: 8/8
  4948 | D:6      | Reached skill level 5 in Fighting
  5265 | D:6      | Reached XP level 9. HP: 33/68 MP: 9/9
  5306 | D:6      | Found an opulent altar of Gozag.
  5471 | D:6      | Reached *** piety under Trog
  5515 | D:6      | Reached skill level 5 in Armour
  5594 | D:6      | Reached skill level 10 in Long Blades
  6006 | D:6      | Reached skill level 1 in Stealth
  6235 | D:6      | Found a runed translucent door.
  6236 | D:6      | Noticed Crazy Yiuf
  6244 | D:6      | Killed Crazy Yiuf
  6831 | D:7      | Gained mutation: You have a tail ending in a sharp stinger.
                  | [demonic ancestry]
  6831 | D:7      | Reached XP level 10. HP: 76/76 MP: 10/10
  6875 | D:7      | Reached **** piety under Trog
  7004 | D:7      | Noticed Edmund
  7015 | D:7      | Killed Edmund
  7017 | D:7      | Identified the +2 robe "Dedaloma" {Harm Regen+ rCorr Dex-2}
  7060 | D:7      | Noticed Sigmund
  7066 | D:7      | Killed Sigmund
  7199 | D:7      | You fall into a shaft and drop 2 floors!
  7394 | D:8      | Noticed Erica
  7405 | D:8      | Killed Erica
  7906 | D:7      | Noticed Joseph
  7925 | D:7      | Killed Joseph
  8331 | D:8      | Noticed Prince Ribbit
  8340 | D:8      | Killed Prince Ribbit
  8582 | D:9      | Found a staircase to the Lair.
  8682 | D:9      | Noticed a two-headed ogre
  8696 | D:9      | Killed a two-headed ogre
  8697 | D:9      | Reached XP level 11. HP: 56/84 MP: 11/11
  8859 | D:9      | Reached ***** piety under Trog
  9020 | D:9      | Found a basalt altar of Yredelemnul.
  9095 | D:9      | Noticed Erolcha
  9117 | D:9      | Killed Erolcha
  9118 | D:9      | Reached skill level 5 in Dodging
  9474 | D:10     | Entered Level 10 of the Dungeon
  9567 | D:10     | Found a shimmering altar of Xom.
  9582 | D:10     | Identified the +1 orcbow "Lygeunim" {drain, rF+++ Will+
                  | MP+9 Dex-3}
  9701 | D:10     | Noticed a two-headed ogre
  9711 | D:10     | Killed a two-headed ogre
  9717 | D:10     | Reached skill level 1 in Shields
  9824 | D:10     | Noticed a two-headed ogre
  9827 | D:10     | Noticed a centaur warrior
  9837 | D:10     | Noticed a boulder beetle
  9840 | D:10     | Killed a two-headed ogre
  9846 | D:10     | Killed a centaur warrior
  9870 | D:10     | Killed a boulder beetle
  9910 | D:10     | Noticed a centaur warrior
  9918 | D:10     | Killed a centaur warrior
  9934 | D:10     | Reached XP level 12. HP: 74/94 MP: 12/12
  9984 | D:10     | Identified the ring of Impatience {*Slow Will++ MP+9}
  9986 | D:10     | Noticed a centaur warrior
  9987 | D:10     | Noticed a two-headed ogre
  9992 | D:10     | Killed a two-headed ogre
  9997 | D:10     | Killed a centaur warrior
 10236 | D:10     | Found a sparkling altar of Nemelex Xobeh.
 10907 | D:11     | Noticed a two-headed ogre
 10907 | D:11     | Noticed a two-headed ogre
 10911 | D:11     | Killed a two-headed ogre
 10916 | D:11     | Killed a two-headed ogre
 10917 | D:11     | Reached skill level 5 in Shields
 11210 | D:11     | Found a staircase to the Orcish Mines.
 11322 | D:11     | Found a runed translucent door.
 11323 | D:11     | Noticed KKCryptic's ghost (journeyman MfHu)
 11398 | D:11     | Killed KKCryptic's ghost
 11578 | D:12     | Identified the ring "Feluys" {*Slow rN+ Dex+6 Stlth+}
 11635 | D:12     | Received a gift from Trog
 12054 | D:12     | Noticed a boulder beetle
 12077 | D:12     | Killed a boulder beetle
 12659 | D:13     | Noticed a catoblepas
 12675 | D:13     | Killed a catoblepas
 12783 | D:13     | Noticed a centaur warrior
 12791 | D:13     | Reached XP level 13. HP: 96/102 MP: 13/13
 12835 | D:13     | Found a blossoming altar of Fedhas.
 12905 | D:13     | Identified the +1 robe of Pandemonium {rF+ Int+3}
 13119 | D:13     | Reached skill level 10 in Fighting
 13629 | D:13     | Received a gift from Trog
 13877 | D:13     | Found a gate to the Vaults.
 14107 | D:14     | Lost mutation: You are agile. (Dex +4, Str/Int -1) [potion
                  | of mutation]
 14107 | D:14     | Gained mutation: A frigid envelope surrounds you and
                  | freezes all who hurt you. [potion of mutation]
 14107 | D:14     | Gained mutation: You have large cloven feet. [potion of
                  | mutation]
 14108 | D:14     | Lost mutation: A frigid envelope surrounds you and freezes
                  | all who hurt you. [potion of mutation]
 14108 | D:14     | Lost mutation: You have large cloven feet. [potion of
                  | mutation]
 14108 | D:14     | Gained mutation: You are clumsy. (Dex -2) [potion of
                  | mutation]
 14109 | D:14     | Lost mutation: You are clumsy. (Dex -2) [potion of
                  | mutation]
 14109 | D:14     | Gained mutation: Your body sometimes deteriorates upon
                  | taking damage. [potion of mutation]
 14109 | D:14     | Gained mutation: You are frail. (-10% HP) [potion of
                  | mutation]
 14109 | D:14     | Gained mutation: You have a pair of small horns on your
                  | head. [potion of mutation]
 14110 | D:14     | Lost mutation: Your body sometimes deteriorates upon taking
                  | damage. [potion of mutation]
 14110 | D:14     | Lost mutation: You have a pair of small horns on your head.
                  | [potion of mutation]
 14110 | D:14     | Lost mutation: You are frail. (-10% HP) [potion of
                  | mutation]
 14110 | D:14     | Gained mutation: You passively map a small area around you.
                  | [potion of mutation]
 14202 | D:14     | Noticed a fire dragon
 14218 | D:14     | Killed a fire dragon
 14219 | D:14     | Reached skill level 10 in Armour
 14508 | D:14     | Reached skill level 1 in Evocations
 14828 | D:15     | Entered Level 15 of the Dungeon
 14941 | D:15     | Lost mutation: You passively map a small area around you.
                  | [potion of mutation]
 14941 | D:15     | Gained mutation: You are clumsy. (Dex -2) [potion of
                  | mutation]
 14941 | D:15     | Gained mutation: You have sharp toenails. [potion of
                  | mutation]
 15050 | D:15     | Found a shadowy altar of Dithmenos.
 15106 | D:15     | Identified the +2 leather armour of Fanaticism {Will+
                  | Int+3}
 15494 | D:15     | Noticed Louise
 15501 | D:15     | Gained mutation: When seriously injured, your blood forms
                  | thick armour. (AC +9) [demonic ancestry]
 15501 | D:15     | Reached XP level 14. HP: 90/111 MP: 14/14
 15508 | D:15     | Killed Louise
 15741 | D:15     | HP: 2/111 [wolf spider zombie (illusionary)[a necromancer]
                  | (7)]
 16070 | D:15     | Found a staircase to the Depths.
 16581 | Orc:1    | Entered Level 1 of the Orcish Mines
 16696 | Orc:1    | Noticed an orc warlord
 16709 | Orc:1    | Killed an orc warlord
 16721 | Orc:1    | Received a gift from Trog
 16782 | Orc:1    | Noticed Nischam's ghost (journeyman KoRe)
 16801 | Orc:1    | Found a transporter.
 17187 | Orc:1    | Found a transporter.
 17252 | Orc:1    | Gained mutation: You sometimes lose your temper in combat.
                  | [a neqoxec]
 17264 | Orc:1    | Gained mutation: You are very clumsy. (Dex -4) [a neqoxec]
 17338 | Orc:1    | Gained mutation: You occasionally lose the ability to drink
                  | potions when taking damage. [a neqoxec]
 17357 | Orc:1    | Killed Nischam's ghost
 17367 | Orc:1    | Identified the ring "Rosuh" {rElec Int+6 Dex+2}
 17446 | Orc:1    | Lost mutation: You sometimes lose your temper in combat.
                  | [potion of mutation]
 17446 | Orc:1    | Lost mutation: You are very clumsy. (Dex -4) [potion of
                  | mutation]
 17446 | Orc:1    | Gained mutation: Your mind is acute. (Int +4, Str/Dex -1)
                  | [potion of mutation]
 17446 | Orc:1    | Gained mutation: You have a pair of small horns on your
                  | head. [potion of mutation]
 17448 | Orc:2    | Entered Level 2 of the Orcish Mines
 17449 | Orc:2    | Noticed Maurice
 17464 | Orc:1    | Maurice stole a ring of protection from cold
 17466 | Orc:1    | Something stole a lightning rod (2/4)
 17509 | Orc:1    | Killed Maurice
 17701 | Orc:2    | Received a gift from Trog
 17720 | Orc:2    | Reached skill level 15 in Long Blades
 17735 | Orc:2    | Found a staircase to the Elven Halls.
 17955 | Orc:2    | Found Tiskool's Jewellery Boutique.
 17971 | Orc:2    | Paralysed by an orc sorcerer for 2 turns
 17977 | Orc:2    | HP: 5/108 [orc sorcerer/bolt of fire (31)]
 18372 | Orc:2    | Bought the amulet "Jausmikh" {Spirit rPois rF+ Str+4} for
                  | 792 gold pieces
 18396 | Orc:2    | Found an ancient bone altar of Kikubaaqudgha.
 18396 | Orc:2    | Noticed Nergalle
 18418 | Orc:2    | Killed Nergalle
 18425 | Orc:2    | Reached skill level 10 in Shields
 18540 | Orc:2    | Found Erariuf's Magic Scroll Shop.
 18550 | Orc:2    | Bought a scroll of blinking for 105 gold pieces
 18557 | Orc:2    | Found Qauger's Jewellery Boutique.
 18575 | Orc:2    | Found a radiant altar of Vehumet.
 18597 | Orc:2    | Found Zyexyid's Antique Weapon Shop.
 18858 | Lair:1   | Entered Level 1 of the Lair of Beasts
 19060 | Lair:1   | Noticed Amaemon
 19062 | Lair:1   | Reached ****** piety under Trog
 19077 | Lair:1   | Killed Amaemon
 19273 | Lair:1   | Acquired a manual of Dodging
 19526 | Lair:1   | Lost mutation: You have a pair of small horns on your head.
                  | [potion of mutation]
 19526 | Lair:1   | Lost mutation: You occasionally lose the ability to drink
                  | potions when taking damage. [potion of mutation]
 19526 | Lair:1   | Lost mutation: Your mind is acute. (Int +4, Str/Dex -1)
                  | [potion of mutation]
 19526 | Lair:1   | Gained mutation: You expend magic power (3 MP) to
                  | strengthen your wands. [potion of mutation]
 19526 | Lair:1   | Gained mutation: You have a somewhat thin skeletal
                  | structure. (Dex +2, Stealth+) [potion of mutation]
 20209 | Lair:2   | Reached XP level 15. HP: 120/120 MP: 15/15
 20228 | Lair:2   | Found a staircase to the Swamp.
 20326 | Lair:2   | Received a gift from Trog
 20451 | Lair:2   | Found a hole to the Spider Nest.
 21930 | Lair:4   | Received a gift from Trog
 22101 | Lair:4   | Noticed Snorg
 22114 | Lair:4   | Killed Snorg
 22983 | Lair:5   | Entered Level 5 of the Lair of Beasts
 23504 | Lair:5   | Received a gift from Trog
 23568 | Lair:5   | Found a viscous altar of Jiyva.
 23568 | Lair:5   | Found a staircase to the Slime Pits.
 23581 | Lair:5   | Gained mutation: A demonic guardian rushes to your aid.
                  | [demonic ancestry]
 23581 | Lair:5   | Reached XP level 16. HP: 129/129 MP: 16/16
 24235 | Spider:1 | Entered Level 1 of the Spider Nest
 24253 | Lair:2   | HP: 6/193 [steelbarb worm (14)]
 24891 | Spider:1 | Noticed Azrael
 25092 | Spider:1 | Killed Azrael
 25373 | Spider:1 | Received a gift from Trog
 27253 | Spider:3 | Noticed Arachne
 27843 | Spider:3 | Killed Arachne
 27850 | Spider:3 | Received a gift from Trog
 27851 | Spider:3 | Reached skill level 1 in Throwing
 29344 | Spider:4 | Entered Level 4 of the Spider Nest
 29369 | Spider:3 | Gained mutation: You have a sharp stinger which inflicts
                  | weakening toxins. [demonic ancestry]
 29369 | Spider:3 | Reached XP level 17. HP: 75/134 MP: 9/17
 29683 | Spider:4 | Lost mutation: You have a somewhat thin skeletal structure.
                  | (Dex +2, Stealth+) [mutagenic glow]
 29699 | Spider:4 | Gained mutation: You occasionally lose the ability to drink
                  | potions when taking damage. [mutagenic glow]
 30525 | Spider:4 | Reached skill level 15 in Shields
 30560 | Spider:4 | Received a gift from Trog
 31423 | Spider:4 | Got a gossamer rune of Zot
 31851 | Swamp:1  | Entered Level 1 of the Swamp
 32605 | Swamp:1  | Noticed Jorgrun
 32614 | Swamp:1  | Killed Jorgrun
 33016 | Swamp:2  | Received a gift from Trog
 33320 | Swamp:2  | Found a shimmering altar of Xom.
 33404 | Swamp:2  | Gained mutation: You regenerate health from kills. [demonic
                  | ancestry]
 33404 | Swamp:2  | Reached XP level 18. HP: 138/148 MP: 18/18
 34004 | Swamp:3  | Reached skill level 15 in Fighting
 34051 | Swamp:3  | Found a transporter.
 34087 | Swamp:3  | Found a transporter.
 34115 | Swamp:3  | Noticed Iffuusoj's ghost (adept MiBe)
 34427 | Swamp:3  | Received a gift from Trog
 34513 | Swamp:3  | Killed Iffuusoj's ghost
 34535 | Swamp:3  | Identified the +4 hand axe of Wu Jian's Displeasure {venom,
                  | ^Drain rN+ Str+3 Dex+3}
 34651 | Swamp:4  | Entered Level 4 of the Swamp
 34894 | Swamp:4  | Noticed Roxanne
 35021 | Swamp:4  | Killed Roxanne
 35328 | Swamp:4  | Got a decaying rune of Zot
 35436 | Swamp:4  | Noticed Bai Suzhen
 35450 | Swamp:4  | Killed Bai Suzhen
 36019 | Elf:1    | Entered Level 1 of the Elven Halls
 36157 | Elf:1    | Found a glacial archway.
 36163 | IceCv    | Entered an ice cave
 36184 | IceCv    | Received a gift from Trog
 36611 | IceCv    | Noticed a shard shrike
 36620 | IceCv    | Killed a shard shrike
 36654 | IceCv    | Found the +3 crown of Dyrovepreva {rElec Int+2 SInv}
 36728 | Elf:1    | Gained mutation: You regenerate a lot of health from kills.
                  | [demonic ancestry]
 36728 | Elf:1    | Reached XP level 19. HP: 108/157 MP: 12/19
 37778 | Elf:2    | Received a gift from Trog
 37779 | Elf:2    | Paralysed by an air elemental for 1 turns
 38054 | Elf:2    | Found Recvaum's Book Boutique.
 38062 | Elf:2    | Paralysed by an air elemental for 1 turns
 38466 | Elf:2    | Found a runed translucent gate.
 38466 | Elf:2    | Found a runed translucent gate.
 38466 | Elf:2    | Found a runed translucent gate.
 38712 | Elf:2    | Received a gift from Trog
 39226 | Elf:3    | Entered Level 3 of the Elven Halls
 39551 | Abyss:3  | Cast into level 3 of the Abyss (a deep elf demonologist)
 39563 | Abyss:3  | Found a candlelit altar of Ignis.
 39640 | Abyss:3  | Found a corrupted altar of Lugonu.
 39648 | Abyss:3  | Noticed a bone dragon
 39669 | Abyss:3  | Killed a bone dragon
 39750 | Abyss:3  | Noticed a bone dragon
 39766 | Abyss:3  | Killed a bone dragon
 39832 | Abyss:3  | Received a gift from Trog
 39850 | Abyss:3  | Noticed a profane servitor
 39874 | Abyss:3  | Killed a profane servitor
 39916 | Abyss:3  | Gained mutation: You are vulnerable to cold. (rC-) [a
                  | neqoxec]
 39923 | Elf:3    | Escaped the Abyss
 39923 | Elf:3    | Killed from afar by a deep elf annihilator

Illustrated notes

Levels and vault maps discovered:
D:1:      dpeg_arrival_ternary, layout_rooms, minmay_surrounded
D:2:      kennysheep_the_goblin_king, layout_basic, serial_bayou_ford_a,
          minmay_misc_feat_ornament, uniq_robin, uniq_terence
D:3:      layout_basic, uniq_jessica
D:4:      layout_rooms, marbit_many_paths, kennysheep_little_box,
          minmay_temple_entry_fiery, nicolae_ossuary_entry_ruins, serial_shops,
          shop, kennysheep_dice
D:5:      layout_cave_pods, minmay_misc_feat_secret_circle, corner_web_ring
D:6:      layout_basic, mainiacjoe_overflow_catwalk, hangedman_decor_push,
          minivault_23, grunt_tough_drop, uniq_crazy_yiuf_cottage
D:7:      layout_gridville, st_stairs_7, columned_hall_lemuel,
          sigmund_edmund_badplayer, uniq_joseph
D:8:      layout_loops_cross, nicolae_elevator_lobby_asterisk,
          uniq_prince_ribbit1, uniq_erica
D:9:      layout_loops_cross, yredelemnul_forgotten_temple_becter,
          lair_entry_dummy, uniq_erolcha
D:10:     nicolae_hexawheel, layout_loops_ring, old_standard_altar,
          mainiacjoe_overflow_big_doors
D:11:     layout_loops_ring, minmay_orc_entry_guard_dogs,
          ebering_ghost_reflecting_pool
D:12:     layout_basic, nicolae_elyvilon_temple_path
D:13:     layout_roguey, hellmonk_vaults_attempted_burglary, fedhas_altar_3
D:14:     layout_cross
D:15:     grunt_enter_depths_magical_seal, layout_small_grid,
          nicolae_dithmenos_through_a_glass_darkly, uniq_louise
Temple:   hellmonk_temple_divided_pantheon
Lair:1:   layout_cave_pods, chequers_serial_rivers_room_a, grunt_megastairs_1,
          uniq_amaemon
Lair:2:   layout_gridlike, minmay_swamp_entry_reptiles,
          spider_nest_entry_funnel_web, minivault_26
Lair:3:   layout_regular_city
Lair:4:   layout_cave_shapes, small_statue_intersection, uniq_snorg
Lair:5:   minmay_lair_end_frog_pond, layout_regular_city, slime_entry_1
Swamp:1:  layout_basic_swamp, serial_swamp_ruin, evilmike_swamp_ruin_wall,
          hangedman_swamp_ruin_wall, swamp_pool_4, uniq_jorgrun
Swamp:2:  layout_basic_swamp, nicolae_swamp_decorative_isthmus, swamp_pool_1_2,
          nicolae_swamp_bean_lake, lemuel_altar_in_water
Swamp:3:  layout_falls_marsh, gammafunk_ghost_mausoleum,
          nicolae_swamp_little_swirl, swamp_pool_1_2, hangedman_swamp_ravenous
Swamp:4:  swamp_alternative, layout_basic_swamp, uniq_bai_suzhen, uniq_roxanne
Spider:1: layout_spider_delve, beargit_elvish_explorers, uniq_azrael
Spider:2: layout_spider_delve
Spider:3: lemuel_spider_zombies, nicolae_spider_baby_got_redback, uniq_arachne
Spider:4: guppyfry_spider_rune
Orc:1:    layout_caves, gammafunk_ghost_stat_death
Orc:2:    kennysheep_orc_mage_school, layout_caves, uniq_maurice
Elf:1:    nicolae_elf_arrival_no_cutting_in_line, layout_onion_city,
          portal_ice_cave_entry_pillars_four, grunt_megastairs_3
Elf:2:    elven_hall_of_blades_hangedman_original
          [nicolae_blade_entry_sentries_behind_glass], layout_loops_corners,
          serial_shops, nicolae_shop_tiny_statue_garden
Elf:3:    minmay_elf_hall_hex, layout_geoelf_diagonals

Skill      XL: |  1  2  3  4  5  6  7  8  9 10 11 12 13 14 15 16 17 18 19 |
---------------+----------------------------------------------------------+-----
Long Blades    | 3 4 5 7 8 10 11 13 14 15 16 17 18 | 18.2
Dodging        | 3 4 5 6 7 8 9 |  9.2
Armour         | 1 2 3 4 6 7 8 9 10 11 12 13 14 | 14.7
Fighting       | 4 5 6 7 8 9 10 11 12 13 14 15 16 | 16.7
Stealth        | 1 2 3 |  3.1
Shields        | 3 5 8 10 12 14 16 17 18 | 18.3
Evocations     | 1 |  1.4
Throwing       | 1 2 |  2.0

Action                     |  1- 3 |  4- 6 |  7- 9 | 10-12 | 13-15 | 16-18 | 19-21 || total
---------------------------+-------+-------+-------+-------+-------+-------+-------++-------
  Melee: Falchion          |    80 |   202 |   112 |       |       |       |       ||   394
         Tailslap          |     6 |    40 |    61 |   133 |   244 |   301 |    95 ||   880
         Scimitar          |       |       |    47 |       |       |       |       ||    47
         Long sword        |       |       |   235 |   611 |       |       |       ||   846
         Punch             |       |       |     3 |     1 |       |       |       ||     4
         Demon blade       |       |       |       |    87 |  1167 |       |       ||  1254
         Headbutt          |       |       |       |       |    59 |       |       ||    59
         Unarmed           |       |       |       |       |     5 |       |       ||     5
         Double sword      |       |       |       |       |   268 |  1496 |   445 ||  2209
  Throw: Boomerang         |       |       |       |       |       |    36 |     1 ||    37
 Invoke: Trog's Hand       |       |       |     1 |     1 |     5 |     6 |     2 ||    15
         Berserk           |       |       |     1 |     3 |     6 |     8 |     2 ||    20
         Brothers in Arms  |       |       |       |       |     1 |     2 |       ||     3
  Evoke: Lightning rod     |       |       |       |     4 |     7 |       |       ||    11
         Wand              |       |       |       |       |     9 |     1 |       ||    10
    Use: Potion            |     2 |       |     1 |     1 |     8 |     2 |       ||    14
         Scroll            |       |       |    21 |     6 |     7 |     2 |     4 ||    40
   Stab: Distracted        |       |       |     1 |       |     3 |     3 |     1 ||     8
 Armour: Chain mail        |    77 |   225 |    44 |       |   236 |       |       ||   582
         Robe              |     2 |       |       |       |       |       |       ||     2
         Ice dragon scales |       |       |   260 |   535 |   390 |   101 |       ||  1286
         Plate armour      |       |       |       |       |   910 |  1327 |       ||  2237
         Skin              |       |       |       |       |     3 |       |       ||     3
         Crystal plate arm |       |       |       |       |       |     8 |   438 ||   446
  Dodge: Dodged            |    23 |    79 |   134 |   279 |   461 |   403 |    45 ||  1424
  Block: Kite shield       |       |       |       |   224 |   212 |       |       ||   436
         Tower shield      |       |       |       |       |  1701 |  2133 |   585 ||  4419
